 Dungeon Crawl Stone Soup version 0.31-a0-889-g1a8549509d (webtiles) character file.

Game seed: 10265769311513838924

7 Error4North the Changeling (level 1, 0/16 HPs)
             Began as a Draconian Shapeshifter on Oct 17, 2023.
             Slain by a jackal (2 damage)
             ... on level 1 of the Dungeon.
             The game lasted 00:00:33 (67 turns).

Error4North the Changeling (Draconian Shapeshifter)   Turns: 67, Time: 00:00:36

Health: 0/16       AC:  4    Str: 16    XL:     1   Next: 83%
Magic:  1/1        EV:  9    Int: 10    God:
Gold:   15         SH:  0    Dex: 10    Spells: 0/0 levels left

rFire   . .          .
                       - Unarmed
rCold   . . .        (no shield)
rNeg    . . .        (body armour unavailable)
rPois   .            (helmet currently unavailable)
rElec   .            (cloak currently unavailable)
rCorr   .            (gloves currently unavailable)
SInv    .            (boots currently unavailable)
Will    .....        (no amulet)
Stlth   +            (no ring)
HPRegen 0.22/turn    (no ring)
MPRegen 0.07/turn

%: no passive effects
@: beast-form, constricted
A: beast (slay +1), AC +4, unfitting armour, cold-blooded
a: Begin Untransformation


You were on level 1 of the Dungeon.
You were a hulking beast.
You visited 1 branch of the dungeon, and saw 1 of its levels.

You collected 15 gold pieces.

Inventory:

Talismans
 b - a beast talisman (active)
 c - a flux talisman
Potions
 a - a potion of lignification


   Skills:
 * Level 1.2 Fighting
 * Level 1.8 Dodging
 + Level 3.1 Unarmed Combat
 * Level 3.2 Shapeshifting


You couldn't memorise any spells.
You didn't know any spells.
Your spell library was empty.

Dungeon Overview and Level Annotations

Branches:
Dungeon (1/15)

Altars:


Innate Abilities, Weirdness & Mutations

You are a hulking beast.
Your limbs bulge with bestial killing power. (Slay +1)
Your plain brown scales are hard. (AC +4)
You cannot fit into any form of body armour.
You are cold-blooded and may be slowed by cold attacks.


Message History

The jackal is almost dead.
The jackal barely misses you. The jackal completely misses you.
You hit the jackal but do no damage.
The jackal is severely wounded.
The jackal barely misses you.
The jackal bites you but does no damage.
The ball python bites you. The ball python barely misses you.
The jackal bites you.
The jackal bites you but does no damage.
You barely miss the jackal.
The jackal is severely wounded.
The ball python bites you but does no damage.
The ball python closely misses you. The jackal closely misses you.
The jackal bites you but does no damage.
You hit the jackal.
You kill the jackal!
The ball python bites you but does no damage.
The ball python grabs you. The ball python constricts you.
The jackal bites you.
You escape the ball python's grasp.
The jackal closely misses you. The ball python bites you.
The ball python barely misses you.
The jackal bites you but does no damage.
You see here a scroll labelled XETIXO UGOOPN.
You hit the ball python but do no damage.
The ball python barely misses you. The ball python misses you.
The jackal barely misses you.
You barely miss the jackal.
The ball python bites you but does no damage.
The ball python misses you. The jackal barely misses you.
You hit the ball python. Your punch misses the ball python.
The ball python is severely wounded.
The ball python barely misses you. x2; The jackal bites you.
* * * LOW HITPOINT WARNING * * *
You barely miss the jackal. The ball python closely misses you.
The ball python grabs you. The ball python constricts you.
* * * LOW HITPOINT WARNING * * *
The jackal barely misses you.
The ball python bites you but does no damage.
The ball python constricts you. The jackal bites you.
You die...

.... ....
...###...
........ ..
......
...#+##....#
.$..........#
.............#
.........hhS.#
.............#
.............#
.............#
............##
............# ..
............+ ...
.#######....##...
.#...............


You could see a jackal and a ball python.

Vanquished Creatures
  2 goblins (D:1)
  2 jackals (D:1)
  A ball python (D:1)
  A frilled lizard (D:1)
6 creatures vanquished.

Notes
Turn   | Place    | Note
-------+----------+-------------------------------------------
     0 | D:1      | Error4North the Draconian Shapeshifter began the quest for
                  | the Orb.
     0 | D:1      | Reached XP level 1. HP: 16/16 MP: 1/1
    67 | D:1      | Slain by a jackal

Illustrated notes

Levels and vault maps discovered:
D:1:      psy_arrival_dodecagon, layout_basic

Action                     || total
---------------------------++-------
  Melee: Unarmed           ||    17
         Tailslap          ||     1
         Punch             ||     1
 Armour: Skin              ||    23
  Dodge: Dodged            ||    27

Table legend: (Time is in decaauts)
 A = Elapsed time spent in this place.
 B = Non-inter-level travel time spent in this place.
 C = Inter-level travel time spent in this place.
 D = Time resting spent in this place.
 E = Time spent auto-exploring this place.
 F = Levels seen in this place.
 G = Mean time per level.
                   A        B        C        D        E       F      G
               +--------+--------+--------+--------+--------+-----+--------+
         Total |     65 |     65 |      0 |      0 |     28 |   1 |   65.0 |
       Dungeon |     65 |     65 |      0 |      0 |     28 |   1 |   65.0 |
               +--------+--------+--------+--------+--------+-----+--------+

Top non-repeatable levels by time:
     D:1: 65 daAuts
